 Dungeon Crawl Stone Soup version 0.20.1-1-g8b1a95d (webtiles) character file.

47 ricardofg the Magician (level 3, 0/26 HPs)
             Began as a Draconian Wizard on Nov 9, 2017.
             Succumbed to Robin's poison
             ... on level 1 of the Dungeon.
             The game lasted 00:04:13 (1860 turns).

ricardofg the Magician (Draconian Wizard)           Turns: 1860, Time: 00:04:13

Health: 0/26       AC:  6    Str:  9    XL:     3   Next: 48%
Magic:  6/8        EV: 12    Int: 19    God:
Gold:   9          SH:  0    Dex:  9    Spells: 8/9 levels left

rFire    . . .     SeeInvis .   n - +2 dagger (flame)
rCold    . . .     Gourm    .   (no shield)
rNeg     . . .     Faith    .   (armour unavailable)
rPois    .         Spirit   .   a - +1 hat
rElec    .         Reflect  .   (no cloak)
rCorr    .         Harm     .   (no gloves)
MR       .....                  (no boots)
Stlth    ++........             (no amulet)
Regen    0.1/turn               (no ring)
MPRegen  0.2/turn               (no ring)

@: lethally poisoned (0 -> -13)
A: unfitting armour, cold-blooded, AC +5
a: no special abilities


You were on level 1 of the Dungeon.
You were not hungry.

You visited 1 branch of the dungeon, and saw 2 of its levels.

You collected 9 gold pieces.

Inventory:

Hand Weapons
 d - a +0 mace
 f - a +0 dagger
 g - a +0 whip
 n - a +2 dagger of flaming (weapon)
Armour
 a - a +1 hat (worn)
Scrolls
 e - 2 scrolls of enchant armour
 h - a scroll of immolation {unknown}
 i - 2 scrolls of remove curse {unknown}
 j - a scroll of amnesia {unknown}
 k - a scroll of identify {unknown}
Books
 b - a book of Minor Magic

   Spells                             Type                      Level
   a - Magic Dart                     Conjuration                  1
   b - Blink                          Translocation                2
   c - Call Imp                       Summoning                    2
   d - Slow                           Hexes                        2
   e - Conjure Flame                  Conjuration/Fire             3
   f - Mephitic Cloud                 Conjuration/Poison/Air       3
Comestibles
 c - 2 bread rations
 l - 2 meat rations
 m - 2 chunks of flesh


   Skills:
 - Level 1.7 Dodging
 - Level 1.7 Stealth
 + Level 3.5 Spellcasting
 + Level 2.6 Conjurations
   Level 1.0 Summonings
   Level 1.0 Translocations


You had 8 spell levels left.
You knew the following spells:

 Your Spells              Type           Power        Failure   Level  Hunger
a - Magic Dart            Conj           ##..         4%          1    None


Dungeon Overview and Level Annotations

Branches:
Dungeon (2/15)

Altars:
Nemelex Xobeh

Annotations:
D:1 Robin


Innate Abilities, Weirdness & Mutations

Your plain brown scales are hard. (AC +5)
You cannot fit into any form of body armour.
You are cold-blooded and may be slowed by cold attacks.


Message History

The magic dart hits Robin.
* * * LOW HITPOINT WARNING * * *
You feel sick.
Casting: Magic Dart
Confirm with . or Enter, or press ? or * to list all spells.
Aiming: Magic Dart
Press: ? - help, Shift-Dir - straight line, f/p - Robin
Aim: Robin, wielding a dagger of venom, wearing an animal skin and wearing a glowing helmet The magic dart hits Robin.
Robin is lightly wounded.
* * * LOW HITPOINT WARNING * * *
You feel sick. Robin throws the goblin at you! The goblin hits you with a club.
* * * LOW HITPOINT WARNING * * *
You hit the goblin. You burn the goblin.
You kill the goblin!
* * * LOW HITPOINT WARNING * * *
You feel sick. Robin hits you but does no damage.
You completely miss Robin. You tail-slap Robin.
Robin is moderately wounded.
You die...

### #.#.#.#.....#...## ##.#
#.#.#>####.......## ##..#
#.#.#.####...##.#.###.#.#
#............###.....##.#
#######...##..........#.###.#
#............#.#[######.# #.#
#.###.....)..)>.......#.# #.#
..###....)...#g#g####.#.# #.#####
............##.#@####...###......
...............#.)..........###.#
###..################..###### #.#
#..# #..# #.# #..####
#..########.. #.....#
#.......>.... #.###.#
##.########## #.# #.# #.# ###.#
#.# #.#####


You could see Robin.

Vanquished Creatures
  An adder (D:1)
  2 dart slugs (D:1)
  A leopard gecko (D:1)
  A giant cockroach (D:1)
  5 hobgoblins
  2 bats (D:1)
  2 frilled lizards (D:1)
  12 goblins
  5 kobolds (D:1)
  2 rats (D:1)
33 creatures vanquished.

Notes
Turn   | Place    | Note
-------+----------+-------------------------------------------
     0 | D:1      | ricardofg the Draconian Wizard began the quest for the Orb.
     0 | D:1      | Reached XP level 1. HP: 14/14 MP: 4/4
   354 | D:1      | Reached XP level 2. HP: 20/20 MP: 1/6
   961 | D:1      | Found a sparkling altar of Nemelex Xobeh.
  1122 | D:2      | Noticed Robin
  1261 | D:1      | Reached XP level 3. HP: 6/26 MP: 1/7
  1859 | D:1      | HP: 1/26 [poisoned by Robin]
  1860 | D:1      | Succumbed to Robin's poison

Skill      XL: |  1  2 |
---------------+-------+-----
Conjurations   | 2 |  2.6
Dodging        | |  1.7
Stealth        | |  1.7
Spellcasting   | |  3.5
Summonings     | |  1.0
Translocations | |  1.0

Action                   || total
-------------------------++-------
Melee: Unarmed           ||    10
       Dagger            ||    39
       Tailslap          ||     6
       Whip              ||    22
 Cast: Magic Dart        ||    40
  Use: Scroll            ||     1
  Eat: Chunk             ||     3
Armor: Skin              ||    18
Dodge: Dodged            ||    69
